 Dungeon Crawl Stone Soup version 0.21.1-1-g345015fe64 (webtiles) character file.

63 LevaFresel the Vandal (level 4, 0/29 HPs)
             Began as a Halfling Hunter on June 9, 2018.
             Slain by Grinder (6 damage)
             ... on level 3 of the Dungeon.
             The game lasted 00:11:11 (2150 turns).

LevaFresel the Vandal (Halfling Hunter)             Turns: 2150, Time: 00:11:12

Health: 0/29       AC: 10    Str: 14    XL:     4   Next: 30%
Magic:  4/4        EV: 12    Int:  9    God:
Gold:   129        SH:  0    Dex: 14    Spells: 3/3 levels left

rFire    . . .     SeeInvis .   b - +0 rapier
rCold    . . .     Gourm    .   (shield restricted)
rNeg     . . .     Faith    .   i - +0 scale mail
rPois    .         Spirit   .   (no helmet)
rElec    .         Reflect  .   (no cloak)
rCorr    .         Harm     .   (no gloves)
MR       .....                  (no boots)
Stlth    +.........             (no amulet)
HPRegen  0.09/turn              m - +4 ring of protection
MPRegen  0.09/turn              (no ring)

@: no status effects
A: small, mutation resistance 1
a: no special abilities


You were on level 3 of the Dungeon.
You were not hungry.

You visited 1 branch of the dungeon, and saw 3 of its levels.

You collected 129 gold pieces.

Inventory:

Hand Weapons
 a - a +1 hunting sling
 b - a +0 rapier (weapon)
Missiles
 d - 25 sling bullets
 n - 5 stones (quivered)
Armour
 i - a +0 scale mail (worn)
Jewellery
 m - a +4 ring of protection (left hand)
Scrolls
 e - 2 scrolls of fog {unknown}
 g - 3 scrolls of remove curse
 k - a scroll of enchant weapon {unknown}
 l - 2 scrolls of identify
 o - a scroll of teleportation {unknown}
 p - 2 scrolls of enchant armour {unknown}
Potions
 j - a potion of heal wounds
 r - a potion of might {unknown}
 s - a potion of haste {unknown}
Books
 t - a book of Minor Magic

   Spells                             Type                      Level
   a - Magic Dart                     Conjuration                  1
   b - Blink                          Translocation                2
   c - Call Imp                       Summoning                    2
   d - Slow                           Hexes                        2
   e - Conjure Flame                  Conjuration/Fire             3
   f - Mephitic Cloud                 Conjuration/Poison/Air       3
Comestibles
 f - 5 rations


   Skills:
 + Level 2.2 Fighting
 + Level 1.3 Short Blades
 * Level 6.7 Slings
 + Level 1.1 Armour
 + Level 2.5 Dodging
 + Level 1.7 Stealth


You had 3 spell levels left.
You didn't know any spells.

Dungeon Overview and Level Annotations

Branches:
Dungeon (3/15)

Altars:

Annotations:
D:3 Grinder


Innate Abilities, Weirdness & Mutations

You are small and have problems with some larger weapons.
You are somewhat resistant to further mutation.


Message History

You suddenly lose the ability to move!
Grinder grins, showing sharp teeth.
You can move again.
Your scale mail prevents you from hitting Grinder.
Grinder is almost dead.
Grinder barely misses you. Grinder closely misses you.
You hit Grinder but do no damage.
Grinder is almost dead.
Grinder barely misses you.
You hit Grinder.
Grinder is almost dead.
Grinder gestures at you. Pain shoots through your body!
* * * LOW HITPOINT WARNING * * *
You hit Grinder but do no damage.
Grinder is almost dead.
Grinder hits you.
* * * LOW HITPOINT WARNING * * *
You writhe in agony.
You die...

#.####### #...<...#
####.#####.# ...........#
####.####..# ## #.# #..#
### #### .# #.####..# #.#
##.....
.###.......####.##.......
.#.#............@5.(...(.
......###.#####.##.......
............ ............
.#....##..###.#.##.#.....
.#....##..###.#.##.##+###
.#............#.##.##.##
.#........)......... ..
.#..#.##.....[####.# .#
.#........##.#####.##.####


You could see Grinder.

Vanquished Creatures
  An adder (D:2)
  A worm (D:3)
  A dart slug (D:2)
  A leopard gecko (D:2)
  An orc (D:3)
  3 giant cockroaches
  6 goblins
  7 hobgoblins
  2 kobolds (D:2)
  7 bats
  10 frilled lizards
  7 rats
47 creatures vanquished.

Notes
Turn   | Place    | Note
-------+----------+-------------------------------------------
     0 | D:1      | LevaFresel the Halfling Hunter began the quest for the Orb.
     0 | D:1      | Reached XP level 1. HP: 14/14 MP: 1/1
   123 | D:1      | Reached skill level 6 in Slings
   138 | D:2      | Reached XP level 2. HP: 18/19 MP: 2/2
   333 | D:1      | You fall through a shaft!
   773 | D:1      | Reached XP level 3. HP: 22/24 MP: 3/3
  1400 | D:2      | Reached skill level 1 in Short Blades
  1715 | D:2      | Reached skill level 1 in Armour
  1944 | D:3      | Reached XP level 4. HP: 29/29 MP: 4/4
  2128 | D:3      | Noticed Grinder
  2144 | D:3      | Paralysed by Grinder for 3 turns
  2150 | D:3      | Slain by Grinder

Skill      XL: |  1  2  3 |
---------------+----------+-----
Slings         | 6 |  6.7
Fighting       | 2 |  2.2
Short Blades   | 1 |  1.3
Armour         | 1 |  1.1
Dodging        | |  2.5
Stealth        | |  1.7

Action                   |  1- 3 |  4- 6 || total
-------------------------+-------+-------++-------
Melee: Short sword       |    82 |       ||    82
       Rapier            |       |    21 ||    21
 Fire: Hunting sling     |    39 |    19 ||    58
Throw: Stone             |     8 |     2 ||    10
  Use: Scroll            |     4 |       ||     4
       Potion            |     1 |     1 ||     2
 Stab: Sleeping          |     3 |       ||     3
  Eat: Ration            |     1 |       ||     1
Armor: Leather armour    |    13 |       ||    13
       Scale mail        |     1 |    20 ||    21
Dodge: Dodged            |    67 |    31 ||    98
